 Dungeon Crawl Stone Soup version 0.29-a0-323-g050149af67 (webtiles) character file.

Game seed: 11923756765323517314

23 Jortsu the Skirmisher (level 3, -1/33 HPs)
             Began as a Hill Orc Fighter on Apr 10, 2022.
             Slain by an adder (3 damage)
             ... on level 2 of the Dungeon.
             The game lasted 00:01:56 (1087 turns).

Jortsu the Skirmisher (Hill Orc Fighter)            Turns: 1087, Time: 00:01:57

Health: -1/33      AC:  6    Str: 20    XL:     3   Next: 0%
Magic:  3/3        EV:  9    Int:  8    God:
Gold:   88         SH:  4    Dex: 10    Spells: 2/2 levels left

rFire   . . .      SeeInvis .   a - +0 war axe (venom)
rCold   . . .      Faith    .   c - +0 buckler
rNeg    . . .      Spirit   .   b - +0 scale mail
rPois   .          Reflect  .   (no helmet)
rElec   .          Harm     .   (no cloak)
rCorr   .          Rampage  .   (no gloves)
Will    .....                   (no boots)
Stlth   ..........              (no amulet)
HPRegen 0.11/turn               (no ring)
MPRegen 0.08/turn               (no ring)

@: no status effects
A: no striking features
a: no special abilities


You were on level 2 of the Dungeon.
You visited 1 branch of the dungeon, and saw 2 of its levels.

You collected 88 gold pieces.

Inventory:

Hand Weapons
 a - a +0 war axe of venom (weapon)
Armour
 b - a +0 scale mail (worn)
 c - a +0 buckler (worn)
Potions
 d - 2 potions of might
 e - a potion of degeneration {unknown}
 f - 2 potions of curing
 g - a potion of lignification


   Skills:
 + Level 4.2 Fighting
 + Level 3.0 Axes
 + Level 3.5 Armour
 + Level 3.5 Shields


You had 2 spell levels left.
You didn't know any spells.
Your spell library contained the following spells:

 Spells                   Type           Power      Damage    Failure   Level
 Summon Small Mammal      Summ           0%         N/A       85%         1
 Call Canine Familiar     Summ           0%         N/A       99%         3
 Summon Guardian Golem    Hex/Summ       0%         N/A       99%         3


Dungeon Overview and Level Annotations

Branches:
Dungeon (2/15)

Altars:

Shops:
D:1 *   D:2 :

Portals:
Abyss: D:1***


Message History

You hit the adder.
The adder is heavily wounded.
You barely miss the adder. x2; You feel sick.
The adder closely misses you. You block the adder's attack.
The adder bites you.
You are more poisoned.
The adder poisons you! The adder bites you but does no damage.
The adder bites you. The adder closely misses you.
You barely miss the adder.
The adder is moderately wounded.
You miss the adder. You hit the adder.
The adder is poisoned.
You feel very sick. The adder bites you but does no damage.
You block the adder's attack.
The adder bites you but does no damage. x2; You block the adder's attack.
The adder bites you but does no damage.
You closely miss the adder.
The adder is moderately wounded.
You closely miss the adder. x2; You feel sick.
The adder bites you but does no damage. x2; The adder barely misses you.
You block the adder's attack.
You barely miss the adder.
The adder is moderately wounded.
You miss the adder. x2; You feel sick. The adder bites you but does no damage.
The adder barely misses you.
The adder bites you but does no damage. x3
You miss the adder.
The adder is moderately wounded.
You closely miss the adder. You miss the adder.
You feel sick. The adder closely misses you.
The adder bites you but does no damage. You block the adder's attack.
The adder bites you but does no damage. The adder bites you.
* * * LOW HITPOINT WARNING * * *
The adder bites you but does no damage.
You barely miss the adder.
The adder is moderately wounded.
You hit the adder. You barely miss the adder.
You feel sick.
You are no longer poisoned.
The adder bites you.
* * * LOW HITPOINT WARNING * * *
The adder barely misses you. The adder completely misses you.
You block the adder's attack. The adder misses you. The adder bites you.
You die...

....
#..#....#.#
..##
#..######.#
..#
###.........#
#.......#####
#.....).#
#.......#
#.......#
###.####.#####
#....S@...#
#.<..SS...#
...∩.......#
.....#.##.##
.[...#. #..
.... #. #.##
..$ #. #.# ...
## .#


You could see 3 adders.

Vanquished Creatures
  A dart slug (D:1)
  2 ball pythons
  4 endoplasms
  2 goblins (D:1)
  3 hobgoblins (D:1)
  A quokka (D:2)
  A bat (D:2)
  A frilled lizard (D:1)
  2 kobolds
  4 rats
21 creatures vanquished.

Vanquished Creatures (others)
  4 plants (D:1)
4 creatures vanquished.

Grand Total: 25 creatures vanquished

Notes
Turn   | Place    | Note
-------+----------+-------------------------------------------
     0 | D:1      | Jortsu the Hill Orc Fighter began the quest for the Orb.
     0 | D:1      | Reached XP level 1. HP: 19/19 MP: 1/1
   121 | D:1      | You fall into a shaft and drop 1 floor!
   276 | D:1      | Reached XP level 2. HP: 27/27 MP: 2/2
   335 | D:1      | Reached skill level 4 in Fighting
   801 | D:1      | Found Dofiduiw's General Store.
  1031 | D:2      | Reached XP level 3. HP: 28/33 MP: 3/3
  1076 | D:2      | Found Wuserghym's Book Shop.
  1087 | D:2      | Slain by an adder

Illustrated notes

Levels and vault maps discovered:
D:1:      minmay_arrival_glassed_features, layout_loops_ring, serial_bayou,
          serial_bayou_shore_a, serial_bayou_lagoon_a, serial_bayou_pond_d,
          serial_bayou_shore_b, serial_shops, nicolae_shop_advertising_works
          [nicolae_subvault_shop_adworks]
D:2:      layout_basic, serial_shops, shop

Skill      XL: |  1  2 |
---------------+-------+-----
Fighting       | 4 |  4.2
Axes           | 3 |  3.0
Armour         | |  3.5
Shields        | |  3.5

Action                   || total
-------------------------++-------
Melee: War axe           ||    57
  Use: Scroll            ||     6
Armor: Scale mail        ||    38
Dodge: Dodged            ||    28
Block: Buckler           ||    18

Table legend: (Time is in decaauts)
 A = Elapsed time spent in this place.
 B = Non-inter-level travel time spent in this place.
 C = Inter-level travel time spent in this place.
 D = Time resting spent in this place.
 E = Time spent auto-exploring this place.
 F = Levels seen in this place.
 G = Mean time per level.
                   A        B        C        D        E       F      G
               +--------+--------+--------+--------+--------+-----+--------+
         Total |   1139 |   1110 |     29 |      0 |    851 |   2 |  569.5 |
       Dungeon |   1139 |   1110 |     29 |      0 |    851 |   2 |  569.5 |
               +--------+--------+--------+--------+--------+-----+--------+

Top non-repeatable levels by time:
     D:1: 844 daAuts
     D:2: 295 daAuts
